 Dungeon Crawl Stone Soup version 0.21-a0-513-gdcb3f5e (webtiles) character file.

170677 mortelune the Earth Mage (level 17, -5/106 HPs)
             Began as a Gargoyle Earth Elementalist on Dec 1, 2017.
             Was the Champion of Vehumet.
             Slain by the 27-headed Lernaean hydra (6 damage)
             ... on level 4 of the Swamp on Dec 2, 2017.
             The game lasted 04:11:52 (52071 turns).

mortelune the Earth Mage (GrEE)                    Turns: 52071, Time: 04:11:53

Health: -5/106     AC: 39    Str: 13    XL:     17   Next: 99%
Magic:  4/33       EV: 14    Int: 22    God:    Vehumet [******]
Gold:   1021       SH: 11    Dex: 10    Spells: 5/40 levels left

rFire    + . .     SeeInvis +   T - staff of earth
rCold    . . .     Gourm    +   K - +0 shield {reflect}
rNeg     + . .     Faith    .   V - +2 steam dragon scales
rPois    ∞         Spirit   .   t - +2 helmet
rElec    +         Reflect  +   y - +2 cloak {MR+}
rCorr    .         Harm     .   O - +2 pair of gloves
MR       ++...                  Q - +2 pair of boots
Stlth    ++........             Z - amulet of the gourmand
HPRegen  0.27/turn              l - ring of Zin's Condemnation {Wiz rF+ SInv}
MPRegen  0.23/turn              N - +3 ring of protection

@: flying, hasted, very quick
A: big wings, negative energy resistance 1, electricity resistance, unbreathing,
petrification resistance, rot immunity, AC +12
a: Stop Flying, Renounce Religion


You were on level 4 of the Swamp.
You worshipped Vehumet.
Vehumet was exalted by your worship.
You were full.

You visited 5 branches of the dungeon, and saw 28 of its levels.
You also visited: Labyrinth, Ossuary and Bailey.

You collected 2809 gold pieces.
You spent 1788 gold pieces at shops.

Inventory:

Hand Weapons
 r - the +5 broad axe of the Dark Horse {drain, Int+4}
   (You found it on level 15 of the Dungeon)

   A truly terrible weapon, it drains the life of those it strikes.
   It affects your intelligence (+4).
 B - a +0 morningstar
Armour
 t - a +2 helmet (worn)
 y - a +2 cloak of magic resistance (worn)
 C - a scarf of resistance
 K - a +0 shield of reflection (worn)
 O - a +2 pair of gloves (worn)
 Q - a +2 pair of boots (worn)
 V - +2 steam dragon scales (worn)
Magical Staves
 T - an uncursed staff of earth (weapon)
Jewellery
 k - an uncursed ring of protection from fire
 l - the ring of Zin's Condemnation (left hand) {Wiz rF+ SInv}
   (You bought it in a shop on level 7 of the Dungeon)

   [ring of wizardry]

   It improves your spell success rate.
   It protects you from fire.
   It lets you see invisible.
 N - a +3 ring of protection (right hand)
 Y - an uncursed ring of ice
 Z - an amulet of the gourmand (around neck)
Wands
 c - a wand of acid (25)
 e - a wand of polymorph (15)
 f - a wand of enslavement (18)
 v - a wand of paralysis (15)
 w - a wand of scattershot (5)
 F - a wand of digging (11)
 I - a wand of disintegration (14)
Scrolls
 i - a scroll of identify
 m - 3 scrolls of fear
 s - 6 scrolls of enchant armour
 u - 9 scrolls of teleportation
 D - 3 scrolls of amnesia
 G - 2 scrolls of magic mapping
 J - 11 scrolls of remove curse
 L - 5 scrolls of enchant weapon
 S - a scroll of holy word
 U - a scroll of silence
 X - 5 scrolls of fog {unknown}
Potions
 b - a potion of magic
 n - a potion of agility
 o - 11 potions of curing
 p - 4 potions of mutation
 q - 7 potions of brilliance
 x - 7 potions of haste
 z - 3 potions of might
 A - 2 potions of ambrosia
 E - a potion of cancellation
 M - a potion of resistance
Miscellaneous
 W - a lightning rod (4/4)
Comestibles
 a - 21 fruits
 d - 5 bread rations
 g - 2 royal jellies
 h - 5 meat rations


   Skills:
 + Level 12.0 Fighting
 + Level 9.9 Maces & Flails
 - Level 1.2(6.3) Staves
 + Level 12.5 Armour
 - Level 6.7 Dodging
 - Level 2.1 Stealth
 * Level 10.4 Shields
 + Level 12.2 Spellcasting
 + Level 9.4 Conjurations
   Level 0.7 Transmutations
 + Level 10.5 Fire Magic
 + Level 16.4 Earth Magic


You had 5 spell levels left.
You knew the following spells:

 Your Spells              Type           Power        Failure   Level  Hunger
a - Iron Shot             Conj/Erth      #######...   1%          6    #####..
b - Stone Arrow           Conj/Erth      ######       1%          3    None
c - Bolt of Fire          Conj/Fire      ######....   2%          6    #####..
d - Lee's Rapid Deconstr  Erth           #######...   1%          5    ####...
f - Sticky Flame          Conj/Fire      ######..     1%          4    None
g - Conjure Flame         Conj/Fire      ######..     1%          3    None
h - Sandblast             Erth           ######       0%          1    None
i - Blink                 Tloc           N/A          5%          2    None
j - Fireball              Conj/Fire      ######....   1%          5    ####...


Dungeon Overview and Level Annotations

Branches:
Dungeon (15/15)            Temple (0/1) D:6            Lair (6/6) D:11
  Swamp (4/4) Lair:3        Snake (1/4) Lair:3        Slime (0/5) Lair:5
    Orc (2/2) D:12            Elf (0/3) Orc:2        Vaults (0/5) D:13
 Depths (0/5) D:15

Altars:
Dithmenos
Fedhas
Gozag
Okawaru
Qazlal
Ru
Vehumet
Yredelemnul
Zin
Beogh
Jiyva

Shops:
D:7 ==**   Orc:2 :**([

Portals:
Trove: D:10 (give +3 fire dragon scales)

Annotations:
D:8 exclusion: downstairs
D:9 arkorax's ghost, novice GnFi
Swamp:4 Lernaean hydra


Innate Abilities, Weirdness & Mutations

You are resistant to torment.
Your stone body is resilient. (AC +12)
You are immune to poison.
Your large and strong wings let you fly indefinitely.
You resist negative energy. (rN+)
You are resistant to electric shocks. (rElec)
You can survive without breathing.
You are immune to petrification.
You are immune to rotting.


Message History

The 27-headed Lernaean hydra bites you.
* * * LOW HITPOINT WARNING * * *
The 27-headed Lernaean hydra bites you.
* * * LOW HITPOINT WARNING * * *
The 27-headed Lernaean hydra bites you but does no damage.
You block the 27-headed Lernaean hydra's attack.
The 27-headed Lernaean hydra bites you but does no damage. x3
You block the 27-headed Lernaean hydra's attack.
The 27-headed Lernaean hydra bites you!
* * * LOW HITPOINT WARNING * * *
The 27-headed Lernaean hydra bites you but does no damage.
The 27-headed Lernaean hydra barely misses you.
You block the 27-headed Lernaean hydra's attack.
The 27-headed Lernaean hydra closely misses you.
You block the 27-headed Lernaean hydra's attack.
The 27-headed Lernaean hydra bites you but does no damage. x3
The 27-headed Lernaean hydra closely misses you.
The 27-headed Lernaean hydra bites you but does no damage. x3
The 27-headed Lernaean hydra bites you.
You die...

.♣≈≈≈≈≈♣≈≈≈≈♣♣ ♣≈...'..#.#.
≈≈≈≈≈≈≈≈≈.≈≈≈♣♣ ♣≈..#...≈#.
.≈≈≈≈≈≈≈≈.≈≈≈≈♣ ♣≈§.'.≈....
≈≈♣≈≈≈♣♣≈≈≈≈≈≈♣ ♣.≈≈#.8.8.8
≈≈♣♣≈♣♣≈≈≈≈≈≈♣♣ ♣♣.≈≈.≈.≈≈≈.
.†[♣.♣≈≈≈≈≈≈♣♣♣♣♣ ♣...≈#.#....
≈≈.≈.≈≈..≈≈≈≈≈≈.♣♣♣♣♣♣≈≈≈........
≈≈....≈≈≈.≈≈≈≈≈≈≈♣..≈♣.≈≈.≈..≈..≈
≈≈.≈..≈♣≈..≈≈≈≈≈@D≈≈≈.≈≈≈#.....#.
.≈.≈♣♣♣♣♣♣..≈≈≈≈≈≈≈≈≈♣♣♣.#.....#.
..≈♣♣ ♣≈≈≈...≈≈≈≈.♣ ♣♣#≈≈≈....
.♣♣♣ ♣.≈≈...≈≈.≈♣♣ ♣..####≈≈ ≈♣
♣≈≈≈≈≈≈≈§♣≈♣ ≈.≈≈. ♣.. ♣♣
♣♣.≈♣≈≈≈≈♣♣♣ ≈≈≈.♣♣.≈...
♣♣♣♣♣.≈≈.. ≈≈≈≈ ♣.≈..≈ ♣♣♣.≈≈≈
♣♣.♣♣♣ ♣.≈≈ ♣≈ .


You could see the 27-headed Lernaean hydra.

Vanquished Creatures
  Rupert (Lair:6)
  Frances (D:12)
  4 thorn hunters
  Louise (Swamp:1)
  An orc warlord (Orc:2)
  A dire elephant (D:15)
  A minotaur (Lab)
  A naga warrior (Lair:3)
  A rakshasa (D:15)
  21 hydras
  7 vault guards (D:13)
  Harold (D:11)
  A ghost crab (Swamp:3)
  An anaconda (Swamp:4)
  Erica (Orc:1)
  6 two-headed ogres
  5 centaur warriors
  A catoblepas (Lair:6)
  2 tengu warriors
  10 death yaks
  12 alligators
  The ghost of luca467 the Martial Artist, a novice GnTm of Makhleb (Lair:1)
  2 orc high priests (Orc:2)
  A naga sharpshooter (Snake:1)
  Urug (D:12)
  Nergalle (D:11)
  3 unseen horrors
  3 spriggan druids
  15 swamp dragons
  3 shambling mangroves
  2 lindwurms (Lair:6)
  2 deep elf magi
  6 orc knights
  3 orc sorcerers (Orc:2)
  5 manticores
  11 ugly things
  A salamander (D:15)
  5 cyclopes
  3 elephants
  Psyche (D:12)
  Maurice (D:7)
  A torpor snail (Lair:6)
  21 spiny frogs
  3 black mambas
  4 kobold demonologists
  A gargoyle (D:12)
  8 komodo dragons
  4 centaur skeletons
  8 rime drakes
  A redback zombie (D:14)
  A harpy zombie (D:15)
  3 tengu conjurers (D:15)
  3 trolls
  A polar bear (Lair:6)
  23 hornets
  16 bog bodies
  A merfolk (D:10)
  28 slime creatures
  4 tyrant leeches
  A harpy skeleton (D:14)
  7 dream sheep
  9 blink frogs
  3 hippogriffs
  4 shadows
  6 water elementals
  17 spriggans
  A wyvern (D:12)
  80 yaks
  3 basilisks
  4 hungry ghosts
  2 steam dragons
  18 vampire mosquitoes
  3 wargs
  2 nagas
  21 swamp worms
  27 insubstantial wisps
  A soldier ant (D:8)
  2 acid dragons
  15 water moccasins
  7 porcupines
  A black bear (D:8)
  2 ice beasts
  4 sky beasts
  39 orc warriors
  14 swamp drakes
  2 necrophages
  3 hornet zombies
  11 ogres
  6 wolves
  15 centaurs
  11 crocodiles
  6 big kobolds
  20 bullfrogs
  A wyvern zombie (D:14)
  4 scorpions
  16 killer bees
  12 wights
  7 electric eels
  5 howler monkeys
  7 crimson imps
  7 bullfrog zombies
  7 centaur zombies
  4 hounds
  A jelly (D:6)
  9 orc priests
  A gnoll shaman (D:4)
  22 orc wizards
  3 bullfrog skeletons
  3 iguanas
  19 worker ants
  6 hell rats (Lair:5)
  A killer bee zombie (Ossuary)
  2 hound zombies
  3 hound skeletons
  9 mummies (Ossuary)
  A howler monkey zombie (Ossuary)
  7 worker ant zombies
  11 gnolls
  13 adders
  3 shadow imps
  An adder skeleton (D:5)
  2 worms
  5 leopard geckos
  79 orcs
  7 giant cockroaches
  10 goblins
  8 hobgoblins
  13 jackals
  35 kobolds
  5 quokkas
  4 ball pythons (Swamp:4)
  5 bats
  3 frilled lizards
  2 giant cockroach zombies (Ossuary)
  3 jackal zombies
  2 leopard gecko zombies (Ossuary)
  2 quokka zombies (Ossuary)
  8 rats
  3 fungi
  2 plants
1031 creatures vanquished.

Vanquished Creatures (others)
  A hydra (Swamp:2)
  A spriggan (Swamp:1)
  8 bushes
  28 fungi
  18 plants
  2 withered plants (Ossuary)
58 creatures vanquished.

Grand Total: 1089 creatures vanquished

Notes
Turn   | Place    | Note
-------+----------+-------------------------------------------
     0 | D:1      | mortelune the Gargoyle Earth Elementalist began the quest for the Orb.
     0 | D:1      | Reached XP level 1. HP: 10/10 MP: 3/3
   550 | D:1      | Reached XP level 2. HP: 14/15 MP: 3/5
   555 | D:1      | Reached skill level 4 in Earth Magic
  1117 | D:1      | Reached XP level 3. HP: 19/19 MP: 4/6
  1743 | D:1      | Learned a level 3 spell: Stone Arrow
  2064 | D:2      | Found an iron altar of Okawaru.
  2468 | D:3      | Reached XP level 4. HP: 24/24 MP: 4/8
  2627 | D:3      | Reached skill level 1 in Conjurations
  2758 | D:3      | Found an opulent altar of Gozag.
  2758 | D:3      | Found a radiant altar of Vehumet.
  2758 | D:3      | Found a basalt altar of Yredelemnul.
  2772 | D:3      | Became a worshipper of Vehumet
  2912 | D:3      | Reached skill level 5 in Earth Magic
  3114 | D:3      | Found a stormy altar of Qazlal.
  3762 | D:4      | Reached XP level 5. HP: 28/28 MP: 0/9
  4315 | D:4      | Noticed a centaur
  4323 | D:4      | Killed a centaur
  4326 | D:4      | Reached XP level 6. HP: 18/32 MP: 5/11
  4574 | D:4      | Reached skill level 6 in Earth Magic
  4956 | D:4      | Reached * piety under Vehumet
  4956 | D:4      | Offered knowledge of Flame Tongue by Vehumet.
  4959 | D:4      | Reached XP level 7. HP: 36/36 MP: 5/13
  5030 | D:4      | Learned a level 1 spell: Flame Tongue
  5435 | D:4      | Found a blossoming altar of Fedhas.
  5584 | D:5      | Entered Level 5 of the Dungeon
  5587 | D:5      | Reached skill level 7 in Earth Magic
  5960 | D:5      | Reached skill level 5 in Spellcasting
  5960 | D:5      | Reached XP level 8. HP: 41/41 MP: 3/15
  5963 | D:5      | Reached skill level 8 in Earth Magic
  6372 | D:5      | Reached skill level 5 in Conjurations
  7022 | D:6      | Reached skill level 9 in Earth Magic
  7191 | D:6      | Learned a level 5 spell: Lee's Rapid Deconstruction
  7274 | D:6      | Got a jewelled war axe
  7410 | D:6      | Found a staircase to the Ecumenical Temple.
  7410 | D:6      | Noticed a troll
  7421 | D:6      | Killed a troll
  7421 | D:6      | Reached XP level 9. HP: 22/45 MP: 9/17
  7729 | D:6      | Reached skill level 10 in Earth Magic
  7749 | D:6      | Reached skill level 1 in Armour
  8083 | D:6      | Found a glowing silver altar of Zin.
  8750 | D:6      | Offered knowledge of Magic Dart by Vehumet.
  8752 | D:6      | Reached ** piety under Vehumet
  8825 | D:7      | Reached skill level 11 in Earth Magic
  8926 | D:7      | Found Pinoonash's Assorted Antiques.
  8935 | D:7      | Bought a scroll of identify for 46 gold pieces
  8935 | D:7      | Bought a scroll labeled XIKIWI KOAGACE for 23 gold pieces
  8935 | D:7      | Bought a scroll labeled EWNUSO XENURPH for 23 gold pieces
  8935 | D:7      | Identified the cursed +0 war axe of Mutilation {venom, rPois Int+3} (You found it on level 6 of the Dungeon)
  9057 | D:7      | Found Oxypruur's Jewellery Boutique.
  9117 | D:7      | Found Koddou's Jewellery Shop.
  9286 | D:7      | Found Sippouc's Assorted Antiques.
  9292 | D:7      | Bought a scroll of remove curse for 102 gold pieces
  9328 | D:7      | Found a sacrificial altar of Ru.
  9361 | D:7      | Reached XP level 10. HP: 50/50 MP: 7/20
  9695 | D:8      | Found a sand-covered staircase.
  9708 | Ossuary  | Entered an ossuary
  9761 | Ossuary  | Offered knowledge of Inner Flame by Vehumet.
  9797 | Ossuary  | Reached skill level 1 in Fighting
  9840 | Ossuary  | Reached skill level 1 in Maces & Flails
  9946 | Ossuary  | Learned a level 4 spell: Petrify
  9950 | Ossuary  | Reached *** piety under Vehumet
 10444 | D:8      | Noticed Maurice
 10451 | D:8      | Noticed a tengu warrior
 10632 | D:7      | Killed a tengu warrior
 10710 | D:7      | Killed Maurice
 10794 | D:8      | Offered knowledge of Sticky Flame by Vehumet.
 10800 | D:8      | Learned a level 4 spell: Sticky Flame
 11168 | D:8      | Found a runed door.
 11199 | D:8      | Found a runed door.
 11314 | D:8      | Reached skill level 5 in Armour
 11755 | D:9      | Got an ichor-stained dagger
 11757 | D:9      | Identified the +6 dagger "Imuo" {freeze, rPois} (You found it on level 9 of the Dungeon)
 11765 | D:9      | Noticed arkorax's ghost (novice GnFi)
 12128 | D:9      | Reached skill level 12 in Earth Magic
 12152 | D:8      | Paralysed by fainting for 12 turns
 12177 | D:8      | Paralysed by fainting for 10 turns
 12315 | D:9      | Reached **** piety under Vehumet
 12345 | D:9      | Found a shadowy altar of Dithmenos.
 13168 | D:10     | Entered Level 10 of the Dungeon
 13194 | D:10     | Noticed a deep elf mage
 13198 | D:10     | Killed a deep elf mage
 13198 | D:10     | Reached skill level 1 in Fire Magic
 13198 | D:10     | Reached XP level 11. HP: 54/61 MP: 15/22
 13666 | D:10     | Found a portal to a secret trove of treasure.
 13670 | D:10     | Offered knowledge of Conjure Flame by Vehumet.
 13683 | D:10     | Learned a level 3 spell: Conjure Flame
 14142 | D:10     | Found a runed door.
 14882 | D:10     | Found a roughly hewn altar of Beogh.
 14993 | D:11     | Reached skill level 5 in Fighting
 15007 | D:11     | Noticed Nergalle
 15023 | D:11     | Killed Nergalle
 15454 | D:11     | Reached ***** piety under Vehumet
 15466 | D:11     | Offered knowledge of Bolt of Magma by Vehumet.
 15553 | D:11     | Reached skill level 5 in Maces & Flails
 15669 | D:11     | Noticed a cyclops
 15674 | D:11     | Killed a cyclops
 15855 | D:11     | Found a staircase to the Lair.
 15897 | D:11     | Noticed an eight-headed hydra
 15902 | D:11     | Killed an eight-headed hydra
 16093 | D:11     | Noticed a two-headed ogre
 16096 | D:11     | Reached XP level 12. HP: 69/69 MP: 16/24
 16097 | D:11     | Killed a two-headed ogre
 16139 | D:11     | Reached skill level 13 in Earth Magic
 16577 | D:11     | Noticed a two-headed ogre
 16581 | D:11     | Killed a two-headed ogre
 16991 | D:11     | Noticed Harold
 16995 | D:11     | Killed Harold
 17153 | Lair:1   | Entered Level 1 of the Lair of Beasts
 17378 | Lair:1   | Noticed luca467's ghost (novice GnTm)
 18243 | Lair:1   | Killed luca467's ghost
 18243 | Lair:1   | Reached skill level 5 in Fire Magic
 19177 | D:7      | Bought the ring of Zin's Condemnation {Wiz rF+ SInv} for 530 gold pieces
 19927 | Lair:2   | Reached skill level 1 in Shields
 20223 | Lair:2   | Learned a level 6 spell: Iron Shot
 20886 | Lair:3   | Found a staircase to the Snake Pit.
 20914 | Lair:3   | Reached XP level 13. HP: 73/76 MP: 3/26
 21395 | Lair:3   | Found a staircase to the Swamp.
 22698 | Lair:4   | Learned a level 2 spell: Blink
 23564 | Lair:5   | Reached skill level 14 in Earth Magic
 24296 | Lair:5   | Found a viscous altar of Jiyva.
 24302 | Lair:5   | Found a staircase to the Slime Pits.
 24565 | Lair:5   | Reached skill level 10 in Spellcasting
 24573 | Lair:5   | Gained mutation: Your large and strong wings let you fly indefinitely. [Gargoyle growth]
 24573 | Lair:5   | Reached XP level 14. HP: 38/84 MP: 7/28
 25430 | Lair:6   | Entered Level 6 of the Lair of Beasts
 25809 | Lair:6   | Found a labyrinth entrance.
 25825 | Lair:6   | Noticed Rupert
 25829 | Lab      | Entered a labyrinth
 26815 | Lair:6   | Killed Rupert
 26815 | Lair:6   | Reached skill level 5 in Dodging
 26999 | Lair:6   | Reached skill level 1 in Staves
 27003 | Lair:6   | Offered knowledge of Ozocubu's Refrigeration by Vehumet.
 27828 | Lair:6   | Reached skill level 10 in Armour
 29393 | Lair:6   | Identified the Disquisition on Execration and Shape Shifting
 29727 | D:12     | Noticed Frances
 29862 | D:12     | Killed Frances
 30013 | D:12     | Noticed Urug
 30017 | D:12     | Killed Urug
 30263 | D:12     | Reached XP level 15. HP: 92/92 MP: 14/29
 30459 | D:12     | Found a staircase to the Orcish Mines.
 30517 | D:12     | Offered knowledge of Lightning Bolt by Vehumet.
 30524 | D:12     | Noticed Psyche
 30524 | D:12     | Killed Psyche
 31260 | D:13     | Reached skill level 15 in Earth Magic
 31286 | D:13     | Reached skill level 10 in Fighting
 31967 | D:13     | Found a gate to the Vaults.
 32641 | D:14     | Found a flagged portal.
 32752 | Bailey   | Entered a bailey
 34128 | D:14     | Offered knowledge of Fireball by Vehumet.
 34135 | D:14     | Learned a level 5 spell: Fireball
 34742 | D:14     | Reached skill level 5 in Shields
 35638 | Orc:1    | Entered Level 1 of the Orcish Mines
 35638 | Orc:1    | Noticed Erica
 35640 | Orc:1    | Killed Erica
 35657 | Orc:2    | Entered Level 2 of the Orcish Mines
 36728 | Orc:2    | Noticed an orc warlord
 36739 | Orc:2    | Killed an orc warlord
 36747 | Orc:2    | Reached XP level 16. HP: 67/99 MP: 6/31
 37283 | Orc:2    | Found Vafobav's General Store.
 37390 | Orc:2    | Bought a +0 cloak of magic resistance for 161 gold pieces
 37488 | Orc:2    | Found Habixomo's Antique Weapon Shop.
 37593 | Orc:2    | Found Tak Zuu's Antique Armour Emporium.
 37601 | Orc:2    | Bought an embroidered scarf for 280 gold pieces
 37601 | Orc:2    | Bought a pair of glowing boots for 262 gold pieces
 37726 | Orc:2    | Found a staircase to the Elven Halls.
 37776 | Orc:2    | Found a roughly hewn altar of Beogh.
 37852 | Orc:2    | Found Nehiudor's Assorted Antiques.
 37857 | Orc:2    | Bought a slimy cloak for 361 gold pieces
 37867 | Orc:2    | Identified the +2 cloak "Pioxok" {-Tele rC- Str+8 Slay+2} (You bought it in a shop on level 2 of the Orcish Mines)
 37900 | Orc:2    | Found Vesan's Book Shop.
 38585 | D:15     | Entered Level 15 of the Dungeon
 38586 | D:15     | Offered knowledge of Bolt of Fire by Vehumet.
 38613 | D:15     | Learned a level 6 spell: Bolt of Fire
 39979 | D:15     | Found a staircase to the Depths.
 40499 | D:15     | Offered knowledge of Freezing Cloud by Vehumet.
 40536 | D:15     | Got an iridescent broad axe
 40678 | D:15     | Identified the +5 broad axe of the Dark Horse {drain, Int+4} (You found it on level 15 of the Dungeon)
 41040 | Snake:1  | Entered Level 1 of the Snake Pit
 41628 | Swamp:1  | Entered Level 1 of the Swamp
 43715 | Swamp:1  | Noticed Louise
 43728 | Swamp:1  | Killed Louise
 44988 | Swamp:1  | Offered knowledge of Bolt of Cold by Vehumet.
 45550 | Swamp:2  | Reached XP level 17. HP: 104/104 MP: 11/32
 45808 | Swamp:2  | Reached skill level 10 in Fire Magic
 45808 | Swamp:2  | Reached skill level 16 in Earth Magic
 49111 | Swamp:4  | Entered Level 4 of the Swamp
 50003 | Swamp:4  | Reached ****** piety under Vehumet
 50076 | Swamp:4  | Offered knowledge of Glaciate by Vehumet.
 50076 | Swamp:4  | Offered knowledge of Shatter by Vehumet.
 50076 | Swamp:4  | Offered knowledge of Chain Lightning by Vehumet.
 50567 | Swamp:4  | Reached skill level 10 in Shields
 52045 | Swamp:4  | Noticed the 27-headed Lernaean hydra
 52071 | Swamp:4  | HP: 1/106 [the 27-headed Lernaean hydra (9)]
 52071 | Swamp:4  | Slain by the 27-headed Lernaean hydra

Vault maps used:
D:1:      giann_forest_graveyard, minmay_tetromino_l4
D:2:      okawaru_trees_2
D:3:      grunt_qazlal_clouds, grunt_temple_overflow_open
D:4:      first_bread, fedhas_bush_and_centaur_altar
D:6:      lemuel_doored_altar, minmay_temple_entry_grid
D:7:      basic_altar, serial_shops, shop_fountains, shop_statue,
          nicolae_shop_behind_doors, shop
D:8:      lemuel_insect_pit, nicolae_ossuary_entry_monument, uniq_maurice
D:9:      basic_altar, nicolae_dithmenos_shadow_blocks
D:10:     enter_trove_2, hangedman_stone_soup, lightli_church_of_beogh
D:11:     erik_lair_island, uniq_nergalle, uniq_harold
D:12:     orc_0_dummy, serial_bayou_pond_d, wad_rectangle_vault, uniq_urug,
          uniq_frances, uniq_psyche
D:13:     erik_vaults_2
D:14:     erik_rubicon_b, enter_bailey_2, solitary_fountain
D:15:     hangedman_depths_entry_try_elsewhere_first
Lair:1:   grunt_megastairs_2
Lair:2:   infiniplex_staircase_pool_2
Lair:3:   swamp_mist_pool, guppyfry_snake_entry_garden
Lair:4:   minmay_lair_drake_nest, lemuel_fruit_fields, lemuel_fruit_tree
Lair:5:   slime_altar_1, beast_lair_carwin_9
Lair:6:   hangedman_lair_in_review, lab_entry_generic, grunt_megastairs_5,
          uniq_rupert
Swamp:1:  evilmike_swamp_ruin_rubble_2, swamp_pool3, uniq_louise
Swamp:2:  evilmike_swamp_ruin_house_4
Swamp:3:  nicolae_swamp_feature_on_the_river_bank, swamp_pool4
Swamp:4:  grunt_swamp_rune_castle, swamp_pool4, nicolae_swamp_snake_nest
Snake:1:  basic_altar
Orc:1:    enter_volcano_1, uniq_erica
Orc:2:    grunt_orc_gardens, grunt_orc_garden, grunt_orc_garden,
          grunt_orc_garden, grunt_orc_garden, serial_shops,
          nicolae_shop_crystal, nicolae_orc_lost_temple
Lab:      labyrinth_watery
Ossuary:  ossuary_zaba_flooded
Bailey:   bailey_polearm_1, bailey

Skill      XL: |  1  2  3  4  5  6  7  8  9 10 11 12 13 14 15 16 17 |
---------------+----------------------------------------------------+-----
Earth Magic    | 4 5 6 7 9 11 12 13 14 15 16 | 16.4
Spellcasting   | 3 4 5 6 7 8 9 10 11 12 | 12.2
Conjurations   | 1 2 3 4 6 7 8 9 |  9.4
Armour         | 3 5 7 8 9 10 11 12 | 12.5
Fighting       | 4 5 7 8 9 10 11 12 | 12.0
Maces & Flails | 3 5 6 7 8 9 |  9.9
Fire Magic     | 1 3 5 6 8 9 10 | 10.5
Dodging        | 2 4 5 6 |  6.7
Shields        | 2 4 5 8 10 | 10.4
Staves         | 1 |  1.2
Stealth        | |  2.1
Transmutations | |  0.7

Action                   |  1- 3 |  4- 6 |  7- 9 | 10-12 | 13-15 | 16-18 || total
-------------------------+-------+-------+-------+-------+-------+-------++-------
Melee: Club              |    52 |       |       |       |       |       ||    52
       Whip              |    22 |    90 |    16 |       |       |       ||   128
       Spear             |    18 |       |       |       |       |       ||    18
       War axe           |       |       |       |   193 |   358 |   107 ||   658
       Mace              |       |       |       |    13 |       |       ||    13
       Dagger            |       |       |       |     5 |       |       ||     5
       Staff             |       |       |       |       |    22 |   118 ||   140
       Morningstar       |       |       |       |       |    25 |       ||    25
       Broad axe         |       |       |       |       |       |   270 ||   270
 Cast: Sandblast         |    35 |    57 |    96 |   108 |       |       ||   296
       Stone Arrow       |     2 |    13 |    61 |   194 |   221 |    51 ||   542
       Flame Tongue      |       |       |    39 |    19 |       |       ||    58
       Sticky Flame      |       |       |       |    55 |   100 |    47 ||   202
       Lee's Rapid Decon |       |       |       |    31 |    59 |    24 ||   114
       Petrify           |       |       |       |    10 |     8 |       ||    18
       Conjure Flame     |       |       |       |     3 |     4 |     3 ||    10
       Iron Shot         |       |       |       |     5 |   156 |   157 ||   318
       Blink             |       |       |       |       |     2 |     5 ||     7
       Fireball          |       |       |       |       |    11 |    24 ||    35
       Bolt of Fire      |       |       |       |       |       |   180 ||   180
 Abil: Evoke Flight      |       |       |       |     2 |       |       ||     2
       Fly               |       |       |       |       |     1 |       ||     1
Evoke: Wand              |       |       |       |       |       |     2 ||     2
  Use: Scroll            |       |     9 |     7 |    11 |    12 |     9 ||    48
       Potion            |       |       |       |     2 |     7 |     3 ||    12
 Stab: Petrified         |       |       |       |     7 |       |       ||     7
  Eat: Chunk             |     5 |    10 |    10 |    28 |    92 |    86 ||   231
       Meat ration       |       |       |     1 |     4 |       |     8 ||    13
       Fruit             |       |       |       |     2 |       |       ||     2
       Royal jelly       |       |       |       |     3 |     1 |     1 ||     5
       Bread ration      |       |       |       |       |     2 |     4 ||     6
Armor: Robe              |    39 |    37 |    28 |    89 |       |    83 ||   276
       Troll leather arm |       |       |    27 |   172 |   273 |       ||   472
       Steam dragon scal |       |       |       |       |   106 |   566 ||   672
Dodge: Dodged            |    63 |    94 |    80 |   229 |   371 |   530 ||  1367
Block: Buckler           |       |       |       |     6 |   114 |       ||   120
       Shield            |       |       |       |       |    89 |   541 ||   630
       Reflection        |       |       |       |       |     4 |    11 ||    15

Table legend:
 A = Spawn XP
 B = Non-spawn XP
 C = Spawn XP percentage of total XP
 D = Spawn monster count
 E = Non-spawn monster count
 F = Spawn count percentage of total count
 G = Total turns spent on level
                    A         B        C        D         E        F      G
               +---------+---------+-------+---------+---------+-------+---------
         Total |       0 |  243825 |   0.0 |       0 |    1028 |   0.0 | 52071
               +---------+---------+-------+---------+---------+-------+---------
           D:1 |       0 |      59 |   0.0 |       0 |      22 |   0.0 |  1744
           D:2 |       0 |      22 |   0.0 |       0 |      14 |   0.0 |   721
           D:3 |       0 |      58 |   0.0 |       0 |      22 |   0.0 |  1365
           D:4 |       0 |     655 |   0.0 |       0 |      31 |   0.0 |  1841
           D:5 |       0 |    1095 |   0.0 |       0 |      31 |   0.0 |  1325
           D:6 |       0 |    1856 |   0.0 |       0 |      27 |   0.0 |  1748
           D:7 |       0 |    2470 |   0.0 |       0 |      29 |   0.0 |  1268
           D:8 |       0 |    1885 |   0.0 |       0 |      34 |   0.0 |  2099
           D:9 |       0 |     772 |   0.0 |       0 |      14 |   0.0 |   823
          D:10 |       0 |    3244 |   0.0 |       0 |      31 |   0.0 |  1633
          D:11 |       0 |   10412 |   0.0 |       0 |      58 |   0.0 |  3045
          D:12 |       0 |    8784 |   0.0 |       0 |      43 |   0.0 |  1315
          D:13 |       0 |   10221 |   0.0 |       0 |      23 |   0.0 |  1549
          D:14 |       0 |   17369 |   0.0 |       0 |      60 |   0.0 |  2312
          D:15 |       0 |   20239 |   0.0 |       0 |      52 |   0.0 |  2300
        Lair:1 |       0 |    3336 |   0.0 |       0 |      14 |   0.0 |  1296
        Lair:2 |       0 |    2312 |   0.0 |       0 |       9 |   0.0 |  1260
        Lair:3 |       0 |   13455 |   0.0 |       0 |      46 |   0.0 |  2708
        Lair:4 |       0 |    6158 |   0.0 |       0 |      22 |   0.0 |  1685
        Lair:5 |       0 |   13971 |   0.0 |       0 |      44 |   0.0 |  2507
        Lair:6 |       0 |   21377 |   0.0 |       0 |      56 |   0.0 |  2693
       Swamp:1 |       0 |   19953 |   0.0 |       0 |      53 |   0.0 |  3004
       Swamp:2 |       0 |   17765 |   0.0 |       0 |      47 |   0.0 |  1800
       Swamp:3 |       0 |   14103 |   0.0 |       0 |      33 |   0.0 |  2334
       Swamp:4 |       0 |   33988 |   0.0 |       0 |      80 |   0.0 |  2192
       Snake:1 |       0 |    1004 |   0.0 |       0 |       2 |   0.0 |   124
         Orc:1 |       0 |    3519 |   0.0 |       0 |      24 |   0.0 |  1566
         Orc:2 |       0 |    9819 |   0.0 |       0 |      51 |   0.0 |  1369
           Lab |       0 |    1124 |   0.0 |       0 |       1 |   0.0 |   970
       Ossuary |       0 |     747 |   0.0 |       0 |      34 |   0.0 |   723
        Bailey |       0 |    2053 |   0.0 |       0 |      21 |   0.0 |   752
               +---------+---------+-------+---------+---------+-------+---------
